 Dungeon Crawl Stone Soup version 0.20.0-10-g0535bb4 (console) character file.

77 bli the Ducker (level 4, -6/34 HPs)
             Began as a Demonspawn Gladiator on June 3, 2017.
             Killed by divine providence
             ... invoked by an orc priest
              (10 damage)
             ... on level 3 of the Dungeon.
             The game lasted 00:07:09 (1982 turns).

bli the Ducker (Demonspawn Gladiator)               Turns: 1982, Time: 00:07:09

Health: -6/34      AC:  4    Str: 21    XL:     4   Next: 13%
Magic:  0/4        EV: 13    Int:  9    God:    Xom [..*...]
Gold:   99         SH:  0    Dex: 14    Spells: 3/3 levels left

rFire    . . .     SeeInvis .   a - +0 trident
rCold    . . .     Gourm    .   (no shield)
rNeg     + . .     Faith    .   b - +0 leather armour
rPois    .         Spirit   +   c - +0 helmet
rElec    .         Reflect  .   (no cloak)
rCorr    .         Harm     .   (no gloves)
MR       .....                  (no boots)
Stlth    +.........             (no amulet)
Regen    0.2/turn               q - ring of positive energy
MPRegen  0.2/turn               (no ring)

@: mighty
A: talons 1, magic shield, magic regeneration
a: Renounce Religion


You were on level 3 of the Dungeon.
You worshipped Xom.
You were a toy of Xom.
You were not hungry.

You visited 1 branch of the dungeon, and saw 3 of its levels.

You collected 99 gold pieces.

Inventory:

Hand Weapons
 a - a +0 trident (weapon)
Missiles
 d - 3 throwing nets (quivered)
 n - 28 stones
Armour
 b - a +0 leather armour (worn)
 c - a +0 helmet (worn)
Jewellery
 q - a ring of positive energy (left hand)
 s - an uncursed amulet of the gourmand {unknown}
Scrolls
 e - a scroll of teleportation {unknown}
 g - a scroll of random uselessness {unknown}
 h - a scroll of recharging {unknown}
 k - 2 scrolls of identify
 o - 2 scrolls of remove curse {unknown}
 p - a scroll of magic mapping {unknown}
 r - a scroll of fear {unknown}
 u - a scroll of amnesia {unknown}
 w - a scroll of blinking {unknown}
Potions
 i - a potion of mutation {unknown}
 l - a potion of brilliance {unknown}
 m - a potion of heal wounds {unknown}
 t - a potion of degeneration {unknown}
Comestibles
 f - 3 bread rations
 j - a royal jelly


   Skills:
 * Level 2.4 Fighting
 + Level 3.2 Polearms
 + Level 1.8 Throwing
 + Level 1.0 Armour
 + Level 3.4 Dodging
 + Level 0.6 Stealth


You had 3 spell levels left.
You didn't know any spells.

Dungeon Overview and Level Annotations

Branches:
Dungeon (3/15)

Altars:
Nemelex Xobeh
Xom


Innate Abilities, Weirdness & Mutations

You have sharp toenails.
When hurt, damage is shared between your health and your magic reserves.
You regenerate magic rapidly.


Message History

The orc priest calls upon Beogh to heal the orc priest.
The orc priest is healed somewhat.
The orc hits you but does no damage. The orc barely misses you.
You hit the orc priest. Your kick misses the orc priest.
The orc priest is moderately wounded.
The orc priest hits you with a club.
* * * LOW HITPOINT WARNING * * *
The orc priest hits you but does no damage.
The orc barely misses you. x2
You puncture the orc priest!
You kill the orc priest!
Your Armour skill increases to level 1!
You have reached level 4!
You feel stronger.
Your demonic ancestry asserts itself...
You feel your magic shroud grow more resilient.
Xom is amused.
The orc misses you.
The orc priest mumbles some strange prayers to Beogh against you.
Beogh smites you!
You die...
Xom chuckles heartily!

##.......# #........#
#...#....# #..#.#...#
###################.#._.#..#
#.....).....#.....#..#.#†..####
#.#########.#.###.....#.......#
#.# #.#.# ###.......###.# #.#
#.#.# ###.##### #.## ##.#
#######.#.#### #.#######...
...###........oo@)#
..........##
#..............o#o#
.#########...
##.###.#####.##.#.##. ###. #.#
#.# #.##.#.# #. #.# #.#
#.##.#.# #########. #.# #.#
#.#..... .......<÷. #.. ...
..#..... #########. ### #.#
###..#... .. ..# #..#.#. #.
..#.### #. #.


You could see an orc priest and 3 orcs.

Vanquished Creatures
  An orc priest (D:3)
  An adder (D:2)
  5 dart slugs
  A leopard gecko (D:2)
  3 hobgoblins
  5 bats
  5 goblins
  4 kobolds
  7 rats
32 creatures vanquished.

Notes
Turn   | Place    | Note
-------+----------+-------------------------------------------
     0 | D:1      | bli the Demonspawn Gladiator began the quest for the Orb.
     0 | D:1      | Reached XP level 1. HP: 16/16 MP: 1/1
   482 | D:1      | Gained mutation: When hurt, damage is shared between your health and your magic reserves. [demonic ancestry]
   482 | D:1      | Reached XP level 2. HP: 15/22 MP: 2/2
   703 | D:2      | Gained mutation: You have sharp toenails. [demonic ancestry]
   703 | D:2      | Reached XP level 3. HP: 11/27 MP: 1/3
  1284 | D:2      | Found a sparkling altar of Nemelex Xobeh.
  1896 | D:3      | Found a faded altar of an unknown god.
  1906 | D:3      | Became a worshipper of Xom of Chaos
  1982 | D:3      | Reached skill level 1 in Armour
  1982 | D:3      | Gained mutation: You regenerate magic rapidly. [demonic ancestry]
  1982 | D:3      | Reached XP level 4. HP: 4/34 MP: 0/4
  1982 | D:3      | Killed from afar by an orc priest

Skill      XL: |  1  2  3 |
---------------+----------+-----
Dodging        | 3 |  3.4
Polearms       | 3 |  3.2
Armour         | 1 |  1.0
Fighting       | |  2.4
Throwing       | |  1.8
Stealth        | |  0.6

Action                   |  1- 3 |  4- 6 || total
-------------------------+-------+-------++-------
Melee: Trident           |    90 |       ||    90
       Kick              |     3 |       ||     3
  Use: Potion            |     2 |       ||     2
       Scroll            |     1 |       ||     1
 Stab: Sleeping          |     3 |       ||     3
  Eat: Chunk             |     3 |       ||     3
Armor: Leather armour    |    18 |       ||    18
Dodge: Dodged            |    49 |     1 ||    50
